 Dungeon Crawl Stone Soup version 0.29.1-1-gd02db6906a (webtiles) character file.

Game seed: 1274747573741533954

4279 Godmorgon the Thaumaturge (level 10, -6/76 HPs)
             Began as a Djinni Ice Elementalist on Oct 2, 2022.
             Was a Follower of Makhleb.
             Mangled by a komodo dragon (24 damage)
             ... on level 8 of the Dungeon.
             The game lasted 00:33:02 (8020 turns).

Godmorgon the Thaumaturge (Djinni Ice Elementalist) Turns: 8020, Time: 00:33:03

Health: -6/76      AC: 17    Str:  7    XL:     10   Next: 57%
Gold:   114        EV: 12    Int: 20    God:    Makhleb [*.....] SH:  5 Dex: 15

rFire   + + +      SeeInvis .   a - +9 lance "Wyrmbane" {slay drac, rPois rF+ rC+ AC+3}
rCold   . . .      Faith    .   (no shield)
rNeg    . . .      Spirit   .   J - +0 acid dragon scales
rPois   ∞          Reflect  +   (no helmet)
rElec   .          Harm     .   z - +0 cloak
rCorr   +          Rampage  .   (no gloves)
Will    +....                   (boots unavailable)
Stlth   ++........              f - amulet of reflection
HPRegen 0.22/turn               u - ring of resist corrosion
MPRegen 0.00/turn               (no ring)

@: ice-armoured, freezing walls, flying
A: sickness immunity, fire resistance 2, cold vulnerability 1, float, innate
caster, HP casting, extra vitality 1
a: Renounce Religion


You were on level 8 of the Dungeon.
You worshipped Makhleb.
Makhleb was aware of your devotion.
You visited 2 branches of the dungeon, and saw 9 of its levels.
You also visited: Bailey.

You collected 290 gold pieces.
You spent 176 gold pieces at shops.

Inventory:

Hand Weapons
 a - the +9 lance "Wyrmbane" (weapon) {slay drac, rPois rF+ rC+ AC+3}
   (You took it off Maggie on level 7 of the Dungeon)

   It inflicts extra damage against dragons and draconians.
   AC:        It affects your AC (+3).
   rF:        It protects you from fire.
   rC:        It protects you from cold.
   rPois:     It protects you from poison.
 G - the +3 sling of Spores {flame, Int+2 SInv}
   (You found it on level 7 of the Dungeon)

   Any ammunition fired from it burns those it strikes, dealing additional fire
   damage.
   Int:       It affects your intelligence (+2).
   SInv:      It lets you see invisible.
Missiles
 q - 2 throwing nets
 r - 3 silver boomerangs
 s - 4 curare-tipped darts (quivered)
Armour
 z - a +0 cloak (worn)
 J - +0 acid dragon scales (worn)
Jewellery
 f - an amulet of reflection (around neck)
 u - a ring of resist corrosion (left hand)
 B - an amulet of faith
Wands
 e - a wand of flame (16)
 i - a wand of roots (8)
 E - a wand of quicksilver (11)
 K - a wand of polymorph (5)
Scrolls
 d - a scroll of poison {unknown}
 g - a scroll of immolation {unknown}
 k - 7 scrolls of identify {unknown}
 m - 2 scrolls of amnesia {unknown}
 o - 2 scrolls of enchant weapon {unknown}
 p - a scroll of fog {unknown}
 w - a scroll of vulnerability {unknown}
 x - 3 scrolls of brand weapon {unknown}
 y - a scroll of magic mapping {unknown}
 C - 3 scrolls of enchant armour {unknown}
 D - 3 scrolls of teleportation {unknown}
 F - a scroll of silence {unknown}
 H - a scroll of torment {unknown}
 I - a scroll of blinking {unknown}
Potions
 b - 3 potions of might {unknown}
 c - 3 potions of heal wounds {unknown}
 h - 3 potions of mutation {unknown}
 j - a potion of flight
 l - a potion of invisibility {unknown}
 n - a potion of berserk rage {unknown}
 t - 2 potions of magic {unknown}
 v - 2 potions of curing
 A - 2 potions of attraction {unknown}


   Skills:
 + Level 8.0 Fighting
 + Level 2.9 Armour
 + Level 4.0 Dodging
 - Level 1.5 Stealth
 * Level 9.5 Spellcasting


You had 7 spell levels left.
You knew the following spells:

 Your Spells              Type           Power      Damage    Failure   Level
a - Ozocubu's Armour      Ice            47%        N/A       1%          3
b - Gell's Gravitas       Tloc           47%        N/A       1%          3
c - Cause Fear            Hex            23%        N/A       2%          4
f - Freeze                Ice            100%       1d11      1%          1
h - Hailstorm             Conj/Ice       47%        3d11      2%          4
r - Frozen Ramparts       Ice            94%        1d15      1%          3
s - Sandblast             Erth           94%        2d19      1%          1
B - Blink                 Tloc           94%        N/A       1%          2
Your spell library was empty.

Dungeon Overview and Level Annotations

Branches:
Dungeon (8/15)             Temple (1/1) D:5          Bailey (visited)
   Lair: D:8-11

Altars:
Ashenzari
Cheibriados
Elyvilon
Fedhas
Gozag
Hepliaklqana
Makhleb
Nemelex Xobeh
Okawaru
Qazlal
Ru
Trog
Uskayaw
Wu Jian
Xom
Zin

Shops:
D:1 =*   D:6 [[:!(


Innate Abilities, Weirdness & Mutations

You are immune to sickness and miasma.
You are immune to poison.
Your flesh is very heat resistant. (rF++)
You are vulnerable to cold. (rC-)
You float through the air rather than walking.
You learn spells naturally, not from books.
Your magical power is your life essence.
You have superior vitality. (+4 MHP)


Message History

Your limbs have turned to stone.
The komodo dragon is engulfed in a cloud of scalding steam.
You have turned to stone.
The basilisk gazes at you. The komodo dragon bites you!
The komodo dragon bites you!!
The komodo dragon bites you but does no damage.
The basilisk gazes at you. The komodo dragon bites you! The basilisk bites you!
The komodo dragon barely misses you. The basilisk gazes at you.
The komodo dragon bites you!
* * * LOW HITPOINT WARNING * * *
The basilisk gazes at you. The komodo dragon bites you.
* * * LOW HITPOINT WARNING * * *
You turn to flesh and can move again.
You are too injured to fight recklessly!
Unknown command.
Okay, then.
Casting: Sandblast (safe; 1% risk of failure)
Confirm with . or Enter, or press ? or * to list all spells.
A film of ice covers your body!
* * * LOW HITPOINT WARNING * * *
The basilisk closely misses you. You block the komodo dragon's attack.
Casting: Ozocubu's Armour (safe; 1% risk of failure)
Confirm with . or Enter, or press ? or * to list all spells.
Casting: Frozen Ramparts (safe; 1% risk of failure)
Press: ? - help, Dir - look around, f - activate The walls around you are covered in ice.
* * * LOW HITPOINT WARNING * * *
The wall freezes the basilisk.
The basilisk gazes at you.
You easily resist.
The wall freezes the komodo dragon.
The komodo dragon barely misses you.
You feel better.
The wall freezes the basilisk!
The basilisk bites you.
* * * LOW HITPOINT WARNING * * *
The wall freezes the komodo dragon.
The komodo dragon seems to slow down.
The komodo dragon bites you!!
You die...

### ##### ## #
####.##.#..##.# ##[#
..†....###.#.####l..#
.###........##.#@#..#..
## ###.........l.....#.
##.#.#.....[.......
####.##...........
..###.........#. ###
##.##...#..# ###
.###### ##


You could see a komodo dragon (slow) and a basilisk.

Vanquished Creatures
  Maggie (D:7)
  A troll (D:8)
  A wyvern (D:8)
  3 yaks (D:8)
  A steam dragon (D:8)
  2 basilisks (D:8)
  Menkaure (D:4)
  A water moccasin (D:6)
  An ice beast (D:6)
  2 sky beasts
  3 orc warriors
  2 ogres
  A centaur (D:8)
  3 phantoms
  2 necrophages (D:5)
  3 bullfrogs
  Blork the orc (D:6)
  4 scorpions (D:5)
  4 killer bees (D:6)
  4 howler monkeys
  5 hounds
  2 orc priests
  Jessica (D:2)
  Terence (D:2)
  2 iguanas
  6 orc wizards
  9 adders
  2 white imps
  2 worms
  4 dart slugs
  9 orcs
  4 endoplasms
  4 giant cockroaches
  13 goblins
  4 hobgoblins
  16 kobolds
  2 quokkas
  4 ball pythons
  5 bats
  3 frilled lizards
  5 rats
144 creatures vanquished.

Notes
Turn   | Place    | Note
-------+----------+-------------------------------------------
     0 | D:1      | Godmorgon the Djinni Ice Elementalist began the quest for
                  | the Orb.
     0 | D:1      | Godmorgon set off with the following spells memorised:
                  | Freeze, Frozen Ramparts, Ozocubu's Armour, Hailstorm.
     0 | D:1      | Reached XP level 1. HP: 15/15 MP: 0/0
    35 | D:1      | Found Judean's Jewellery Shop.
   194 | D:1      | Reached XP level 2. HP: 15/22 MP: 0/0
   448 | D:1      | Reached skill level 1 in Fighting
   729 | D:1      | Found Lilamu's Assorted Antiques.
   990 | D:1      | Reached XP level 3. HP: 26/27 MP: 0/0
   990 | D:1      | Learned a level 1 spell: Sandblast
  1390 | D:2      | Noticed Jessica
  1395 | D:2      | Killed Jessica
  1422 | D:2      | Reached XP level 4. HP: 31/32 MP: 0/0
  1440 | D:2      | Reached skill level 4 in Spellcasting
  1494 | D:2      | Noticed Terence
  1501 | D:2      | Killed Terence
  2041 | D:2      | Found a faded altar of an unknown god.
  2080 | D:2      | Reached XP level 5. HP: 33/39 MP: 0/0
  2080 | D:2      | Learned a level 2 spell: Blink
  2616 | D:3      | Reached XP level 6. HP: 42/45 MP: 0/0
  2949 | D:3      | Found a broken altar of Ashenzari.
  3034 | D:4      | Noticed an ogre
  3044 | D:4      | Killed an ogre
  3045 | D:4      | Reached skill level 5 in Spellcasting
  3231 | D:4      | Reached XP level 7. HP: 44/50 MP: 0/0
  3231 | D:4      | Learned a level 3 spell: Gell's Gravitas
  3384 | D:4      | Noticed Menkaure
  3389 | D:4      | Killed Menkaure
  3525 | D:4      | Found a bloodstained altar of Trog.
  3776 | D:4      | Found an iron altar of Okawaru.
  3862 | D:5      | Entered Level 5 of the Dungeon
  3874 | D:5      | Reached skill level 6 in Spellcasting
  3992 | D:5      | Reached XP level 8. HP: 52/58 MP: 0/0
  4199 | D:5      | Reached skill level 5 in Fighting
  4613 | D:5      | Found a staircase to the Ecumenical Temple.
  4619 | Temple   | Entered the Ecumenical Temple
  4755 | Temple   | Became a worshipper of Makhleb the Destroyer
  4996 | D:5      | Reached skill level 7 in Spellcasting
  5363 | D:6      | Reached XP level 9. HP: 40/66 MP: 0/0
  5363 | D:6      | Learned a level 4 spell: Cause Fear
  5543 | D:6      | Noticed Blork the orc
  5547 | D:6      | Killed Blork the orc
  5658 | D:6      | Found Piofakk's Book Shop.
  5705 | D:6      | Reached skill level 8 in Spellcasting
  5900 | D:6      | Found Jazutan's Weapon Shoppe.
  5905 | D:6      | Found Komalyk's Distillery.
  5915 | D:6      | Bought a potion of curing for 36 gold pieces
  5967 | D:6      | Found a sacrificial altar of Ru.
  6075 | D:6      | Found Eryxam's Antique Armour Emporium.
  6093 | D:6      | Bought a dyed leather armour for 140 gold pieces
  6188 | D:6      | Found Zean's Antique Armour Boutique.
  6227 | D:7      | Identified the +3 sling of Spores {flame, Int+2 SInv}
  6233 | D:7      | Found a hide-covered altar of Uskayaw.
  6291 | D:7      | Found a flagged portal.
  6425 | Bailey   | Entered a bailey
  6432 | Bailey   | Noticed an orc knight
  6452 | Bailey   | Reached * piety under Makhleb
  6600 | Bailey   | Noticed an orc knight
  6806 | D:7      | Found a blossoming altar of Fedhas.
  6849 | D:7      | Noticed Maggie
  6874 | D:7      | Killed Maggie
  7005 | D:7      | Found an opulent altar of Gozag.
  7388 | D:8      | Reached XP level 10. HP: 71/75 MP: 0/0
  7392 | D:8      | Reached skill level 1 in Armour
  7396 | D:8      | Reached skill level 9 in Spellcasting
  7398 | D:8      | Noticed a two-headed ogre
  7551 | D:8      | Noticed a skeletal warrior
  8006 | D:8      | Noticed a komodo dragon
  8020 | D:8      | Mangled by a komodo dragon

Illustrated notes

Levels and vault maps discovered:
D:1:      nagdon_arrival_zigzag_paths, layout_loops_ring, serial_forest,
          infiniplex_forest_clump_small, infiniplex_forest_pool,
          infiniplex_forest_straight_4, infiniplex_forest_clump_diagonal,
          infiniplex_forest_corner_1, infiniplex_forest_clump_long,
          infiniplex_forest_straight_2, infiniplex_forest_straight_5,
          infiniplex_forest_end_3, serial_shops, shop, shop
D:2:      layout_rooms, ebering_ecumenical_altar_box,
          kennysheep_generic_room_10, uniq_jessica, uniq_terence
D:3:      layout_basic, ashenzari_altar_1, minmay_misc_feat_ornament,
          grunt_ministairs_2, eino_tiny_chamber
D:4:      layout_loops_ring, kennysheep_mini, mainiacjoe_overflow_alcove_4,
          uniq_menkaure
D:5:      layout_basic, kennysheep_orc_sif_temple, minmay_temple_entry_overgrown
D:6:      layout_rooms, lemuel_doored_altar, serial_shops,
          nicolae_shop_behind_doors, nicolae_shop_window_shopping,
          nicolae_stop_n_shop_2, kennysheep_mini_moat, nicolae_shop_crystal,
          uniq_blork_the_orc
D:7:      layout_rooms, lemuel_tele_altar, mainiacjoe_overflow_boulevard,
          nicolae_overflow_crystal_walls, enter_bailey_3, uniq_maggie
D:8:      layout_rooms, erik_lair_dragon, dk_noncrumbling_4,
          minmay_misc_feat_iff, minmay_chambers_of_fives
Temple:   grunt_temple_mini_profane

Skill      XL: |  1  2  3  4  5  6  7  8  9 10 |
---------------+-------------------------------+-----
Fighting       | 1 2 3 4 5 7 8 |  8.0
Spellcasting   | 4 5 6 7 8 9 |  9.5
Armour         | 2 |  2.9
Dodging        | 4 |  4.0
Stealth        | |  1.5

Action                   |  1- 3 |  4- 6 |  7- 9 | 10-12 || total
-------------------------+-------+-------+-------+-------++-------
Melee: Unarmed           |     1 |       |       |       ||     1
       Short sword       |       |       |     3 |       ||     3
       Punch             |       |       |     1 |       ||     1
       Lance             |       |       |       |    29 ||    29
Throw: Stone             |     4 |       |       |       ||     4
 Cast: Freeze            |    23 |       |       |       ||    23
       Sandblast         |     4 |    63 |   130 |     9 ||   206
       Frozen Ramparts   |       |     1 |    20 |     8 ||    29
       Ozocubu's Armour  |       |       |    13 |     4 ||    17
       Cause Fear        |       |       |     1 |       ||     1
  Use: Potion            |       |       |       |     1 ||     1
Armor: Robe              |     1 |     2 |    16 |       ||    19
       Acid dragon scale |       |       |       |    16 ||    16
Dodge: Dodged            |     8 |     4 |    38 |    26 ||    76
Block: Other             |       |     2 |    15 |     7 ||    24
       Reflection        |       |     2 |     2 |     1 ||     5
